Unix NetHack Version 5.0.0-0 post-release - last build May 31 2026 23:59:36 (970b52f25bf058293b47ddfd14a1e40e571c508c,branch:main).

Game began 2026-06-04 12:11:41, ended 2026-06-05 08:05:28.

FutureTim, lawful female human Valkyrie

  -------
  |%...[|       ----------                            #    ------------
  |!..%(|       |........|                        ####)### |..........|
  |()..(|      #.........|                        #   0# #*...........|
  |=*)([|      #|........|                        #       #|..........|
  |.!!.*|     ##|........-########                #        ...........|
  |.!...|     # -------.--       #                %      ##-..........|
  -|-----     #     ####         #                #      # ..--------.-
   ######### ##      #           ###         -.-.....--  #           #
    ##     ###       #             #         |........| ##           #
     #      ###     ###          ####        .........|##            #
     #      #        #          --.----     #.........|#             #
     #      #   @u####          |.....|     #..........#             #
     ####   #     -.----- ######.>....|  ####..........*#            #
        #   #     |^.....##     |......#### #..........###           #
     ---.---#     |.<...|       ------- ## #        *#####    .-..####
     |.....|#     |.....|               **              ##0   ...|
     |.....-#     -------                                ##   |..|
     -------                                            0#    .-.-

FutureTim the Woman-at-arms  St:18/04 Dx:12 Co:18 In:8 Wi:9 Ch:9  Lawful
Dlvl:9  $:5769 HP:0(95) Pw:18(18) AC:7  Xp:10 T:9255  Satiated Burdened

Latest messages:
 The werejackal changes into a jackal.
 The werejackal bites!
 You kill the werejackal!
 You have a little trouble lifting U - a scroll labeled DAIYEN FOOELS.
 You climb up the stairs.
 You hear crashing rock.
 You hear someone searching.
 You swap places with the peaceful dwarf.
 You swap places with the peaceful dwarf.
 What do you want to use or apply? [dg-iklps-vyzEHIOQRTZ or ?*] p
 You now wield an uncursed pick-axe.
 In what direction do you want to dig? [478931>] 4
 You start digging.
 You hit the rock with all your might.
 You succeed in cutting away some rock.
 You stop digging.
 The saddled warhorse kicks!
 The saddled warhorse bites!
 What do you want to wield? [- bpvwT or ?*] w
 w - a +2 spear (weapon in right hand).
 The saddled warhorse kicks!
 The saddled warhorse bites!
 The saddled warhorse kicks!
 The saddled warhorse bites!
 The saddled warhorse kicks!
 The saddled warhorse bites!
 The saddled warhorse kicks!
 The saddled warhorse bites!
 What do you want to wield? [- bpvwT or ?*] w
 You are already wielding that!
 You hit the saddled warhorse!
 The saddled warhorse kicks!
 The saddled warhorse bites!
 The saddled warhorse kicks!
 The saddled warhorse bites!
 You hit the saddled warhorse!
 The saddled warhorse kicks!
 The saddled warhorse bites!
 The saddled warhorse kicks!
 The saddled warhorse bites!
 You hit the saddled warhorse!
 The saddled warhorse kicks!
 The saddled warhorse bites!
 The saddled warhorse kicks!
 The saddled warhorse bites!
 The saddled warhorse kicks!
 The saddled warhorse bites!
 The saddled warhorse kicks!
 You die...
 Do you want your possessions identified? [ynq] (y) q

Inventory:
 Coins    ('$')
  $ - 5769 gold pieces
 Amulets  ('"')
  L - an uncursed amulet versus poison
 Weapons  (')')
  b - a +0 dagger (at the ready)
  w - a +2 spear (weapon in right hand)
 Armor    ('[')
  x - a blessed +1 dwarvish iron helm (being worn)
  m - an uncursed +0 pair of iron shoes
  c - an uncursed +3 small shield
  n - an uncursed +2 dwarvish cloak
  o - an uncursed +0 dwarvish mithril-coat
 Comestibles  ('%')
  Z - an uncursed eucalyptus leaf
  B - 3 uncursed food rations
  G - 2 uncursed food rations
  q - 2 uncursed tripe rations
 Scrolls  ('?')
  S - a blessed scroll of amnesia
  a - an uncursed scroll of blank paper
  U - an uncursed scroll of earth
  V - an uncursed scroll of enchant armor
  f - 2 uncursed scrolls of enchant weapon
  J - an uncursed scroll of fire
  r - a blessed scroll of remove curse
  X - an uncursed scroll of remove curse
  A - a cursed scroll of remove curse
  F - 2 uncursed scrolls of teleportation
 Potions  ('!')
  W - a blessed potion of confusion
  M - an uncursed potion of confusion
  P - a blessed potion of extra healing
  K - an uncursed potion of extra healing
  j - an uncursed potion of fruit juice
  e - 2 uncursed potions of monster detection
  N - an uncursed potion of restore ability
  D - an uncursed potion of water
 Rings    ('=')
  C - an uncursed ring of protection from shape changers
 Wands    ('/')
  g - a wand of create monster (0:11)
  h - a wand of digging (0:6)
  I - a wand of lightning (0:4)
  u - a blessed wand of magic missile (0:2)
  Q - a wand of stasis (0:6)
  O - a wand of stasis (0:4)
  y - a wand of striking (0:6)
  H - a wand of striking (0:0)
  i - a wand of teleportation (0:8)
  R - a wand of undead turning (0:4)
 Tools    ('(')
  E - an uncursed credit card
  l - a blessed oil lamp
  z - an uncursed oil lamp
  p - a +0 pick-axe
  k - an uncursed skeleton key
  s - an uncursed tallow candle
  d - an uncursed towel
  v - a +0 unicorn horn
  T - a +0 unicorn horn
  t - an uncursed wax candle

FutureTim the Valkyrie's attributes:

Background:
 You were a Woman-at-arms, a level 10 human Valkyrie.
 You were lawful, on a mission for Tyr
 who was opposed by Odin (neutral) and Loki (chaotic).
 You were right-handed.
 You were in the Dungeons of Doom, on level 9.
 You entered the dungeon 9255 turns ago.
 You had 5151 experience points, 4849 more were needed to attain level 11.

Basics:
 You had 0 out of 95 hit points.
 You had all 18 energy points (spell power).
 Your armor class was 7.
 Your wallet contained 5769 zorkmids.
 Autopickup was off.

Final Characteristics:
 Your strength was 18/04 (limit:18/100).
 Your dexterity was 12 (peak:13, limit:18).
 Your constitution was 18 (limit:18).
 Your intelligence was 8 (limit:18).
 Your wisdom was 9 (limit:18).
 Your charisma was 9 (limit:18).

Final Status:
 You were satiated.
 You were burdened; movement was slightly slowed.
 You were wielding a spear.
 You had expert skill with spear.

Final Attributes:
 You were piously aligned.
 You were cold resistant.
 You were poison resistant.
 You were telepathic.
 You were stealthy.
 You were fast.
 You are dead.

Miscellaneous:
 You didn't encounter any bones levels.
 Total elapsed playing time was 3 hours, 32 minutes and 3 seconds.

Major events:
 Turn
    1: FutureTim the lawful human Valkyrie entered the dungeon
  797: attained the rank of Skirmisher (level 3)
  966: entered the Gnomish Mines
 1844: reached Mine Town
 1970: attained the rank of Fighter (level 6)
 6814: entered Sokoban
 9179: attained the rank of Woman-at-arms (level 10)
 9255: killed by a warhorse

You didn't know any spells.

Skills:
 Fighting Skills
   bare handed combat [Unskilled]
   two weapon combat  [Unskilled]
   riding             [Unskilled]
 Weapon Skills
   dagger             [Basic]
   axe                [Unskilled]
   pick-axe           [Unskilled]
   short sword        [Unskilled]
   broadsword         [Unskilled]
   long sword         [Unskilled]
   two-handed sword   [Unskilled]
   saber              [Unskilled]
   hammer             [Unskilled]
   quarterstaff       [Unskilled]
   polearms           [Unskilled]
   spear              [Expert]
   trident            [Unskilled]
   lance              [Unskilled]
   sling              [Unskilled]
 Spellcasting Skills
   attack spells      [Unskilled]
   escape spells      [Unskilled]

Voluntary challenges:
 Character rerolling was not enabled.
 You never genocided any monsters.
 You never polymorphed an object.
 You never changed form.
 You used no wishes.
 You did not violate any of the special Sokoban rules.
Achievements:
 You attained the rank of Skirmisher.
 You entered the Gnomish Mines.
 You entered Minetown.
 You entered a shop.
 You entered a temple.
 You attained the rank of Fighter.
 You entered Sokoban.
 You attained the rank of Woman-at-arms.

 The Dungeons of Doom: levels 1 to 10
    Level 1:
    Level 2:
    Level 3:
       Stairs down to The Gnomish Mines.
    Level 4:
       Some fountains.
    Level 5:
       Many fountains.
    Level 6:
       A sink.
       Stairs up to Sokoban, level 5.
    Level 7:
    Level 8:
       A throne, a fountain.
    Level 9: <- You were here.
       A general store.
       Final resting place for
          you, killed by a warhorse.
    Level 10:
 The Gnomish Mines: levels 4 to 12
    Level 4:
    Level 5:
    Level 6:
       Some shops, a temple and an altar, some fountains.
    Level 7:
    Level 8:
    Level 9:
    Level 10:
    Level 11:
    Level 12:
 Sokoban:
    Level 5:
       Unsolved.


Vanquished creatures:
  a mind flayer
  a winter wolf
  6 small mimics
 an ettin mummy
 an ogre leader
  a large dog
  2 large cats
  a tiger
  a gargoyle
  a dwarf ruler
  a tengu
 an ochre jelly
  2 leocrottas
 an ettin zombie
 an amorous demon
  a giant beetle
  3 wolves
  a winter wolf cub
  a gremlin
  2 leprechauns
  2 iron piercers
  4 giant spiders
  a black light
  a vampire bat
  2 gnome rulers
 an orc mummy
  2 dwarf mummies
  2 brown puddings
 an owlbear
  a gold golem
  3 lizards
  a jaguar
  3 blue jellies
  2 gray unicorns
  a dust vortex
  a raven
  a gnome mummy
  a snake
 an ape
  5 human zombies
  a Woodland-elf
  6 bugbears
  2 imps
 10 Mordor orcs
  3 orc shamans
  2 rock moles
  2 ponies
  2 fog clouds
  a shrieker
  2 violet fungi
 17 gnome leaders
  6 gnomish wizards
  a kobold mummy
  a guardian naga hatchling
  2 gray oozes
  4 elf zombies
  a straw golem
  8 giant ants
  a little dog
  3 floating eyes
 13 dwarves
  2 homunculi
  2 kobold shamans
  5 rothes
  a centipede
  a giant bat
  2 monkeys
 an orc zombie
  a werejackal
  5 iguanas
  2 acid blobs
  a gas spore
  3 hobbits
  6 manes
  a large kobold
  6 hobgoblins
  7 giant rats
  a brown mold
  3 yellow molds
 69 gnomes
  9 garter snakes
  a gnome zombie
  8 geckos
  6 jackals
  a kobold
  2 sewer rats
  8 grid bugs
  2 bats
  6 lichens
  2 kobold zombies
  7 newts
325 creatures vanquished.

No species were genocided or became extinct.

Game over:
                       ----------
                      /          \
                     /    REST    \
                    /      IN      \
                   /     PEACE      \
                  /                  \
                  |    FutureTim     |
                  |     5769 Au      |
                  |   killed by a    |
                  |     warhorse     |
                  |                  |
                  |                  |
                  |       2026       |
                 *|     *  *  *      | *
        _________)/\\_//(\/(/\)/\//\/|_)_______

Farvel FutureTim the Valkyrie...

You died in The Dungeons of Doom on dungeon level 9 with 26417 points,
and 5769 pieces of gold, after 9255 moves.
You were level 10 with a maximum of 95 hit points when you died.

